 Dungeon Crawl Stone Soup version 0.22-a0-619-ga0c6fd2 (webtiles) character file.

9810 MothsLongingForFire the Spear-Bearer (level 11, -4/92 HPs)
             Began as a Demonspawn Fighter on July 14, 2018.
             Was a Believer of Yredelemnul.
             Hit by a large rock thrown by a cyclops (33 damage)
             ... on level 11 of the Dungeon.
             The game lasted 00:22:29 (10984 turns).

MothsLongingForFire the Spear-Bearer (DsFi)        Turns: 10984, Time: 00:22:30

Health: -4/92      AC: 11    Str: 22    XL:     11   Next: 27%
Magic:  11/11      EV: 22    Int:  9    God:    Yredelemnul [**....]
Gold:   353        SH:  0    Dex: 14    Spells: 10/10 levels left

rFire    . . .     SeeInvis +   S - +0 glaive of the Wilderness {venom, MR+ Str+3}
rCold    . . .     Gourm    .   (shield currently unavailable)
rNeg     . . .     Faith    .   t - +0 chain mail
rPois    +         Spirit   .   h - +2 hat
rElec    .         Reflect  .   (no cloak)
rCorr    .         Harm     .   (no gloves)
MR       +....                  (no boots)
Stlth    +.........             s - amulet of the acrobat
HPRegen  0.25/turn              v - ring of see invisible
MPRegen  0.12/turn              P - ring of poison resistance (curse)

@: no status effects
A: antennae 1, claws 1, talons 2, nightstalker 3, powered by death 2
a: Animate Remains, Recall Undead Slaves, Injury Mirror, Renounce Religion


You were on level 11 of the Dungeon.
You worshipped Yredelemnul.
Yredelemnul was pleased with you.
You were not hungry.

You visited 2 branches of the dungeon, and saw 12 of its levels.

You collected 596 gold pieces.
You spent 243 gold pieces at shops.


Innate Abilities, Weirdness & Mutations

You have a pair of small antennae on your head.
You have sharp fingernails.
You have razor-sharp toenails.
You are completely attuned to the shadows.
You regenerate health from kills.


   Skills:
 + Level 10.8 Fighting
 + Level 12.6 Polearms
 + Level 4.1 Armour
 - Level 3.1 Shields
 + Level 0.2 Invocations


You had 10 spell levels left.
You didn't know any spells.
Your spell library contained the following spells:

 Spells                   Type           Power        Failure   Level  Hunger
 Apportation              Tloc           #.....       98%         1    ##.....
 Throw Frost              Conj/Ice       #.....       99%         2    ###....
 Summon Small Mammal      Summ           #...         98%         1    ##.....
 Animate Skeleton         Necr           N/A          98%         1    ##.....
 Freeze                   Ice            #...         98%         1    ##.....
 Summon Ice Beast         Ice/Summ       #.......     100%        4    #####..
 Ozocubu's Armour         Chrm/Ice       #.......     100%        3    ####...
 Throw Icicle             Conj/Ice       #.......     100%        4    #####..
 Confusing Touch          Hex            #.....       98%         1    ##.....

Inventory:

Hand Weapons
 a - a +0 trident
 b - a +2 trident of flaming
 i - the +8 broad axe of Midwinter {freeze, Str+3 Stlth+}
   (You bought it in a shop on level 10 of the Dungeon)

   It has been specially enchanted to freeze those struck by it, causing extra
   injury to most foes and up to half again as much damage against particularly
   susceptible opponents.
   It can also slow down cold-blooded creatures.
   It affects your strength (+3).
   It makes you more stealthy.
 A - the +9 flail of Spores {speed, rElec}
   (You found it on level 7 of the Dungeon)

   Attacks with this weapon are significantly faster.
   It insulates you from electricity.
 Q - a +0 halberd
 S - the +0 glaive of the Wilderness (weapon) {venom, MR+ Str+3}
   (You found it on level 10 of the Dungeon)

   It poisons the flesh of those it strikes.
   It affects your strength (+3).
   It affects your resistance to hostile enchantments.
Missiles
 e - 339 stones (quivered)
 g - 11 tomahawks
Armour
 c - a +0 shield
 h - a +2 hat (worn)
 j - a +0 plate armour
 t - a +0 chain mail (worn)
 M - a +1 cloak
Jewellery
 s - an amulet of the acrobat (around neck)
 v - a ring of see invisible (left claw)
 P - a cursed ring of poison resistance (right claw)
Wands
 m - a wand of digging (32)
 n - a wand of polymorph (24)
 p - a wand of flame (14)
 w - a wand of disintegration (22)
 x - a wand of paralysis (3)
 y - a wand of iceblast (8)
 B - a wand of acid (10)
 H - a wand of scattershot (7)
Scrolls
 k - 2 scrolls of teleportation {@r4}
 C - a scroll of immolation {unknown}
 E - 2 scrolls of fog {unknown}
 F - 4 scrolls of enchant armour {unknown}
 G - 3 scrolls of enchant weapon {unknown}
 I - a scroll of silence {unknown}
 J - 4 scrolls of remove curse {@r2}
 N - a scroll of fear {unknown}
 O - 7 scrolls of identify {@r1}
 R - a scroll of acquirement {unknown}
 T - a scroll of torment {unknown}
Potions
 d - a potion of might
 l - 4 potions of heal wounds {@q2}
 o - 2 potions of mutation {!q}
 r - 2 potions of haste {@q3}
 u - a potion of brilliance
 z - 2 potions of flight
 D - 4 potions of curing {@q1}
 K - a potion of resistance {unknown}
 L - a potion of berserk rage {unknown}
Comestibles
 f - 18 rations {@e1}
 q - 11 chunks of flesh

Dungeon Overview and Level Annotations

Branches:
Dungeon (11/15)            Temple (1/1) D:7
   Lair: D:8-11         Orc: D:9-12

Altars:
Ashenzari
Cheibriados
Dithmenos
Elyvilon
Fedhas
Gozag
Hepliaklqana
Kikubaaqudgha
Makhleb
Nemelex Xobeh
Okawaru
Qazlal
Ru
Sif Muna
Trog
Uskayaw
Vehumet
Wu Jian
Xom
Yredelemnul
Zin
The Shining One

Shops:
D:8 }   D:10 (

Annotations:
D:3 exclusion: 2 downstairs
D:5 1 runed door, Meatbag's ghost, novice GnWr
D:8 hydra, exclusion: downstairs
D:9 death yaks

#..C....
#.......
#..c....
#..)C...
#..(....
#..(....
#..@....
#.......
#.......
#.......
........


You could see a cyclops and a centaur.


Message History

The arrow barely misses you.
The cyclops throws a large rock.
The large rock hits you.
You hear a shout!
There is a stone staircase leading up here.
The centaur shoots an arrow.
The arrow barely misses you.
Attack whom?
Press: ? - help, Dir - move target cursor, f - centaur
Aim: a centaur, wielding a shortbow You reach to attack!
You slice the centaur!!
The centaur is almost dead.
The centaur shoots an arrow.
The arrow hits you.
The centaur shoots an arrow.
The arrow hits you.
The cyclops throws a large rock.
The large rock hits you!!
Attack whom?
Press: ? - help, Dir - move target cursor, f/p - centaur
Aim: a centaur, wielding a shortbow (almost dead)
You reach to attack!
You slash the centaur!
You kill the centaur!
Yredelemnul accepts your kill.
Attack whom?
Press: ? - help, Dir - move target cursor, f - cyclops
Aim: a cyclops You reach to attack!
You slash the cyclops!
The cyclops is poisoned.
The cyclops is moderately wounded.
The cyclops throws a large rock.
The large rock hits you!!
* * * LOW HITPOINT WARNING * * *
A centaur comes into view.
You are too injured to fight recklessly!
The cyclops throws a large rock.
The large rock hits you!!
You die...
Your body rises from the dead as a mindless zombie.

Skill      XL: |  1  2  3  4  5  6  7  8  9 10 11 |
---------------+----------------------------------+-----
Polearms       | 2 3 4 5 7 9 11 12 | 12.6
Fighting       | 4 5 6 7 9 10 | 10.8
Armour         | 4 |  4.1
Shields        | 3 |  3.1
Invocations    | |  0.2

Action                   |  1- 3 |  4- 6 |  7- 9 | 10-12 || total
-------------------------+-------+-------+-------+-------++-------
Melee: Trident           |   111 |   161 |   278 |   152 ||   702
       Kick              |    18 |    43 |    66 |    51 ||   178
       Halberd           |       |     9 |    18 |       ||    27
       Unarmed           |       |       |    20 |       ||    20
       Flail             |       |       |     4 |       ||     4
       Glaive            |       |       |       |    37 ||    37
       Broad axe         |       |       |       |    18 ||    18
Invok: Animate Remains   |       |       |       |    13 ||    13
       Recall Undead Sla |       |       |       |     1 ||     1
Evoke: Wand              |       |     1 |     3 |    14 ||    18
  Use: Scroll            |       |     8 |     3 |     1 ||    12
       Potion            |       |       |       |     1 ||     1
 Stab: Paralysed         |       |     4 |       |     6 ||    10
       Sleeping          |       |       |       |     5 ||     5
  Eat: Chunk             |     3 |     5 |    10 |     8 ||    26
       Ration            |       |       |     1 |     2 ||     3
Armor: Scale mail        |    37 |       |       |       ||    37
       Chain mail        |    23 |   105 |    99 |    68 ||   295
Dodge: Dodged            |    46 |    57 |    79 |    83 ||   265

Vault maps used:
D:1:      dpeg_arrival_rhombi
D:2:      first_ration
D:3:      overflow_temple_1_default, uniq_ijyb
D:4:      cheibrodos_barr_body, serial_undead, serial_undead_b, serial_undead_b,
          serial_undead_d, serial_undead_b, nemelex_xobeh_ov_fountains_minmay
D:5:      gammafunk_ghost_grave
D:7:      minmay_temple_entry_junction_2, grunt_livestock, uniq_duvessa
D:8:      serial_shops, nicolae_shop_crystal, minmay_three_doors,
          uniq_prince_ribbit1, uniq_maurice
D:9:      dpeg_lair_monsters, orc_0_dummy, gammafunk_ghost_icy, basic_altar,
          kennysheep_generic_room_11
D:10:     basic_altar, serial_shops, nicolae_shop_stone, lemuel_centaur_altar
D:11:     serial_shops, statue_bzr, serial_glass, glass_columns_a,
          glass_columns_b, glass_columns_a, glass_columns_c, glass_columns_a,
          glass_columns_a, uniq_urug
Temple:   minmay_crystal_snake_temple

Notes
Turn   | Place    | Note
-------+----------+-------------------------------------------
     0 | D:1      | MothsLongingForFire the Demonspawn Fighter began the quest for the Orb.
     0 | D:1      | Reached XP level 1. HP: 18/18 MP: 1/1
   189 | D:1      | Reached skill level 2 in Polearms
   222 | D:1      | You feel monstrous as your demonic heritage exerts itself.
   222 | D:1      | Gained mutation: You have sharp toenails. [demonic ancestry]
   222 | D:1      | Reached XP level 2. HP: 24/24 MP: 2/2
  1017 | D:2      | Gained mutation: You have razor-sharp toenails. [demonic ancestry]
  1017 | D:2      | Reached XP level 3. HP: 29/29 MP: 3/3
  1292 | D:2      | Reached skill level 3 in Polearms
  1943 | D:2      | Gained mutation: You are slightly more attuned to the shadows. [demonic ancestry]
  1943 | D:2      | Reached XP level 4. HP: 34/37 MP: 4/4
  2278 | D:3      | Reached skill level 4 in Fighting
  2278 | D:3      | Reached skill level 4 in Polearms
  2278 | D:3      | Gained mutation: You have sharp fingernails. [demonic ancestry]
  2278 | D:3      | Reached XP level 5. HP: 39/42 MP: 5/5
  2321 | D:3      | Found a burning altar of Makhleb.
  2360 | D:3      | Noticed Ijyb
  2365 | D:3      | Paralysed by Ijyb for 4 turns
  2375 | D:3      | Paralysed by Ijyb for 4 turns
  2381 | D:3      | Killed Ijyb
  2470 | D:3      | Gained mutation: You are significantly more attuned to the shadows. [demonic ancestry]
  2470 | D:3      | Reached XP level 6. HP: 46/49 MP: 6/6
  2755 | D:4      | Reached skill level 5 in Polearms
  3008 | D:4      | Reached skill level 5 in Fighting
  3391 | D:4      | Found a sparkling altar of Nemelex Xobeh.
  3424 | D:4      | Gained mutation: You have a pair of small antennae on your head. [demonic ancestry]
  3424 | D:4      | Reached XP level 7. HP: 53/56 MP: 7/7
  3705 | D:4      | Reached skill level 6 in Polearms
  3882 | D:5      | Entered Level 5 of the Dungeon
  4111 | D:5      | Reached skill level 6 in Fighting
  4111 | D:5      | Reached skill level 7 in Polearms
  4354 | D:5      | Reached XP level 8. HP: 61/64 MP: 8/8
  4412 | D:5      | Found a runed door.
  4422 | D:5      | Noticed Meatbag's ghost (novice GnWr)
  5132 | D:6      | Reached skill level 8 in Polearms
  5598 | D:7      | Found a staircase to the Ecumenical Temple.
  5604 | D:7      | Noticed Duvessa
  5604 | D:7      | Noticed Dowan
  5627 | Temple   | Entered the Ecumenical Temple
  5715 | Temple   | Became a worshipper of Yredelemnul the Dark
  5899 | Temple   | Reached skill level 7 in Fighting
  6102 | Temple   | Killed Duvessa
  6109 | Temple   | Killed Dowan
  6252 | D:7      | Got a fine flail
  6378 | D:7      | Reached skill level 9 in Polearms
  6378 | D:7      | Gained mutation: You regenerate a little health from kills. [demonic ancestry]
  6378 | D:7      | Reached XP level 9. HP: 69/72 MP: 9/9
  6416 | D:7      | Identified the +9 flail of Spores {speed, rElec} (You found it on level 7 of the Dungeon)
  6860 | D:7      | Reached skill level 8 in Fighting
  6864 | D:7      | Reached skill level 10 in Polearms
  7029 | D:8      | Found Ceiromei's Gadget Emporium.
  7050 | D:8      | Noticed a two-headed ogre
  7056 | D:8      | Noticed Prince Ribbit
  7063 | D:8      | Killed a two-headed ogre
  7146 | D:8      | Killed Prince Ribbit
  7443 | D:8      | Noticed Maurice
  7448 | D:8      | Killed Maurice
  7448 | D:8      | Reached skill level 9 in Fighting
  7448 | D:8      | Reached skill level 11 in Polearms
  7448 | D:8      | Gained mutation: You are completely attuned to the shadows. [demonic ancestry]
  7448 | D:8      | Reached XP level 10. HP: 77/83 MP: 10/10
  7616 | D:8      | Reached * piety under Yredelemnul
  7746 | D:8      | Found the +8 longbow "Zephyr" {speed, Dex+3 SInv}
  8009 | D:8      | Noticed a seven-headed hydra
  8355 | D:9      | Noticed a death yak
  8569 | D:9      | Noticed a two-headed ogre
  8580 | D:9      | Killed a two-headed ogre
  8596 | D:9      | Noticed a death yak
  8763 | D:9      | Found a runed gate.
  8763 | D:9      | Found a runed gate.
  8763 | D:9      | Found a runed gate.
  8858 | D:9      | Noticed a two-headed ogre
  8869 | D:9      | Killed a two-headed ogre
  8869 | D:9      | Reached skill level 12 in Polearms
  9165 | D:9      | Noticed a death yak
  9168 | D:9      | Killed a death yak
  9168 | D:9      | Reached skill level 10 in Fighting
  9546 | D:10     | Entered Level 10 of the Dungeon
  9754 | D:10     | Found Wusasozo's Antique Weapon Shop.
  9764 | D:10     | Noticed an unseen horror
  9778 | D:10     | Killed an unseen horror
  9778 | D:10     | Gained mutation: You regenerate health from kills. [demonic ancestry]
  9778 | D:10     | Reached XP level 11. HP: 38/91 MP: 11/11
 10092 | D:10     | Bought a faintly glowing broad axe for 243 gold pieces
 10092 | D:10     | Identified the +8 broad axe of Midwinter {freeze, Str+3 Stlth+} (You bought it in a shop on level 10 of the Dungeon)
 10255 | D:10     | Reached skill level 3 in Armour
 10255 | D:10     | Reached skill level 3 in Shields
 10308 | D:10     | Found a blossoming altar of Fedhas.
 10340 | D:10     | Got a sapphire glaive
 10341 | D:10     | Identified the +0 glaive of the Wilderness {venom, MR+ Str+3} (You found it on level 10 of the Dungeon)
 10471 | D:10     | Reached ** piety under Yredelemnul
 10609 | D:10     | Noticed a two-headed ogre
 10615 | D:10     | Killed a two-headed ogre
 10782 | D:10     | Found an ornate altar of the Wu Jian Council.
 10789 | D:10     | Reached skill level 4 in Armour
 10984 | D:11     | Hit by a large rock thrown by a cyclops

Vanquished Creatures
  A death yak (D:9)
  4 two-headed ogres
  An unseen horror (D:10)
  Maurice (D:8)
  A gargoyle (D:10)
  A troll (D:10)
  Prince Ribbit (D:8)
  A hippogriff (D:8)
  3 hogs (D:7)
  A yak (D:7)
  A human (D:7)
  2 hungry ghosts
  A water moccasin (D:10)
  Duvessa (Temple)
  An orc warrior (D:8)
  A sky beast (D:8)
  2 black bears
  4 ice beasts
  A phantom (D:9)
  7 ogres
  5 centaurs
  A crocodile (D:10)
  A big kobold (D:3)
  5 bullfrogs
  Dowan (Temple)
  A water moccasin skeleton (D:4)
  4 killer bees
  2 howler monkeys
  3 crimson imps
  A quasit (D:10)
  5 hounds
  A centaur zombie (D:10)
  A bullfrog zombie (D:5)
  3 jellies (D:10)
  A centaur skeleton (D:9)
  4 bullfrog skeletons
  An orc priest (D:8)
  Ijyb (D:3)
  2 iguanas
  6 worker ants
  7 orc wizards
  2 worker ant zombies
  12 adders
  7 gnolls
  A river rat (D:9)
  4 shadow imps
  An ooze (D:1)
  A worm (D:3)
  5 dart slugs
  4 leopard geckos
  27 orcs
  3 giant cockroaches
  10 goblins
  4 hobgoblins
  9 jackals
  7 kobolds
  4 quokkas
  8 bats
  6 frilled lizards
  A jackal skeleton (D:4)
  A leopard gecko skeleton (D:4)
  A leopard gecko zombie (D:4)
  A quokka skeleton (D:4)
  A quokka zombie (D:9)
  7 rats
219 creatures vanquished.

Vanquished Creatures (collateral kills)
  2 centaurs (D:10)
  A crimson imp (D:9)
  A bullfrog skeleton (D:10)
  A hell rat (D:9)
  A river rat (D:9)
6 creatures vanquished.

Vanquished Creatures (others)
  A two-headed ogre zombie (D:9)
  2 killer bee zombies (D:8)
  A howler monkey zombie (D:9)
  A river rat zombie (D:9)
  A jackal zombie (D:10)
  A quokka skeleton (D:9)
  2 withered plants (D:5)
9 creatures vanquished.

Grand Total: 234 creatures vanquished

Table legend:
 A = Turns spent in this place as a percentage of turns spent in the entire game.
 B = Non-inter-level travel turns spent in this place as a percentage of non-inter-level travel turns spent in the entire game.
 C = Inter-level travel turns spent in this place as a percentage of turns spent in this place.
 D = Turns resting spent in this place as a percentage of non-inter-level travel turns spent in this place.
 E = Turns spent auto-exploring this place as a percentage of non-inter-level travel turns spent in this place.
 F = Non-inter-level travel turns spent in this place divided by the number of levels of this place that you've seen.
                   A       B       C       D       E      F
               +-------+-------+-------+-------+-------+----------------------
         Total | 100.0 | 100.0 |   4.0 |  30.9 |  47.9 | 878.6
       Dungeon |  95.2 |  95.4 |   3.9 |  29.6 |  48.6 | 914.0
        Temple |   4.8 |   4.6 |   6.7 |  56.6 |  35.0 | 489.0
               +-------+-------+-------+-------+-------+----------------------

Table legend:
 A = Spawn XP
 B = Non-spawn XP
 C = Spawn XP percentage of total XP
 D = Spawn monster count
 E = Non-spawn monster count
 F = Spawn count percentage of total count
 G = Total turns spent on level
                    A         B        C        D         E        F      G
               +---------+---------+-------+---------+---------+-------+---------
         Total |       0 |   14015 |   0.0 |       0 |     225 |   0.0 | 10984
               +---------+---------+-------+---------+---------+-------+---------
           D:1 |       0 |      28 |   0.0 |       0 |      12 |   0.0 |  1053
           D:2 |       0 |      82 |   0.0 |       0 |      26 |   0.0 |   893
           D:3 |       0 |     339 |   0.0 |       0 |      29 |   0.0 |  1073
           D:4 |       0 |     483 |   0.0 |       0 |      26 |   0.0 |   863
           D:5 |       0 |     584 |   0.0 |       0 |      22 |   0.0 |   964
           D:6 |       0 |     753 |   0.0 |       0 |      16 |   0.0 |   726
           D:7 |       0 |    1512 |   0.0 |       0 |      17 |   0.0 |  1104
           D:8 |       0 |    2795 |   0.0 |       0 |      20 |   0.0 |  1346
           D:9 |       0 |    3021 |   0.0 |       0 |      21 |   0.0 |  1000
          D:10 |       0 |    3960 |   0.0 |       0 |      32 |   0.0 |  1426
          D:11 |       0 |     110 |   0.0 |       0 |       1 |   0.0 |    12
        Temple |       0 |     348 |   0.0 |       0 |       3 |   0.0 |   524
               +---------+---------+-------+---------+---------+-------+---------
